 Dungeon Crawl Stone Soup version 0.14-a0-736-g2a71271 (webtiles) character file.

400 Malachi the Insei (level 5, -2/41 HPs)
             Began as a Draconian Transmuter on Nov 7, 2013.
             Killed from afar by an orc wizard (9 damage)
             ... with a magic dart
             ... on Level 4 of the Dungeon.
             The game lasted 00:05:41 (3646 turns).

Malachi the Ruffian (Draconian Transmuter)          Turns: 3646, Time: 00:05:41

HP  -2/41        AC  2     Str 13      XL: 5   Next: 79%
MP   1/7         EV 20     Int 14      God:
Gold 160         SH  0     Dex 16      Spells:  3 memorised,  2 levels left

Res.Fire  : . . .   See Invis. : .     - Unarmed
Res.Cold  : . . .   Warding    : .   (armour unavailable)
Life Prot.: . . .   Conserve   : .   (shield currently unavailable)
Res.Poison: x       Res.Corr.  : .   (helmet currently unavailable)
Res.Elec. : .       Clarity    : .   v - melded +0 cloak
Sust.Abil.: . .     Spirit.Shd : .   (gloves currently unavailable)
Res.Mut.  : .       Stasis     : .   j - melded +1 pair of dwarf boots
Res.Rott. : .       Flight     : .   (no amulet)
Saprovore : . . .                    (no ring)
                                     m - ring of regeneration

@: spider-form (expiring), very slightly contaminated, quick, slightly resistant
to hostile enchantments, unstealthy
A: unfitting armour, AC +5
a: End Transformation


You were on level 4 of the Dungeon.
You were not hungry.
You were in spider-form.
You visited 1 branch of the dungeon, and saw 4 of its levels.

You collected 160 gold pieces.

Inventory:

Missiles
 b - 49 arrows
Armour
 j - a +1 pair of dwarven boots (melded)
 v - a +0 cloak (melded)
Comestibles
 a - 6 bread rations
 c - a choko
 h - an apple
 l - a meat ration
 t - a beef jerky
 x - a pear
 z - a rotting chunk of giant newt flesh
 A - a rotting chunk of worm flesh
 G - a chunk of orc flesh
Scrolls
 i - 2 scrolls of enchant armour {unknown}
 k - 3 scrolls of amnesia {unknown}
 o - 2 scrolls of remove curse {unknown}
 p - 5 scrolls of identify {unknown}
 q - a scroll of enchant weapon I {unknown}
 s - 4 scrolls of noise {unknown}
 u - a scroll of random uselessness {unknown}
 w - a scroll of curse jewellery {unknown}
 E - a scroll of teleportation {unknown}
Jewellery
 m - a ring of regeneration (left front leg)
 y - an uncursed ring of magical power {unknown}
Potions
 e - 2 potions of curing {unknown}
 f - a potion of mutation {unknown}
 g - a potion of paralysis {unknown}
 B - a potion of agility {unknown}
 C - 2 potions of speed {unknown}
 D - a potion of cure mutation {unknown}
 F - a potion of heal wounds {unknown}
Books
 d - a book of Changes

   Spells                             Type                      Level
   *Beastly Appendage                 Transmutation                1
   *Sticks to Snakes                  Transmutation                2
   *Spider Form                       Transmutation/Poison         3
   Ice Form                           Ice/Transmutation            4
   Blade Hands                        Transmutation                5
 r - a book of the Dragon

   Spells                             Type                      Level
   Flight                             Charms/Air                   3
   Cause Fear                         Hexes                        4
   Bolt of Fire                       Conjuration/Fire             6
   Dragon Form                        Transmutation                7
   Summon Dragon                      Summoning                    9


   Skills:
 + Level 2.0 Fighting
 + Level 2.9 Dodging
 * Level 4.8 Unarmed Combat
 - Level 2.0 Spellcasting
 * Level 3.1 Transmutations
 * Level 1.6 Poison Magic


You had 2 spell levels left.
You knew the following spells:

 Your Spells              Type           Power        Failure   Level  Hunger
a - Beastly Appendage     Trmt           ##....       24%         1    ##.....
b - Sticks to Snakes      Trmt           ##........   28%         2    ###....
c - Spider Form           Trmt/Pois      #.........   52%         3    ####...


Dungeon Overview and Level Annotations

Branches:
Dungeon (4/27)
 Temple: D:4-7

Altars:
Xom


Message History

You hit the worm.
The worm looks even sicker.
The worm is moderately wounded.
The orc hits you with an orcish flail.
You bite the worm!
The worm is heavily wounded.
It barely misses you. The worm bites you.
The orc hits you with an orcish flail.
You barely miss the worm.
The worm is heavily wounded.
You hear some strange, mumbled words.
The magic dart hits you!
You hit the worm but do no damage.
The worm looks even sicker.
The worm is severely wounded.
Your transformation is almost over.
The orc hits you with an orcish flail. It hits you. The worm bites you!
* * * LOW HITPOINT WARNING * * *
There is an open door here.
You see here 2 tomahawks.
The magic dart hits you!
You die...

..# .########## ..#
........<.. ###G.
########### .... #
##.s
.####.#oo##+######
.........#...#...#
######
#######.w(...+...#
+.##.. ##.#s..#...#
#.##.#
####'###'######.##.#
#...#...#...#.##.#
#...'...'...'.##.#
#...#...#..)#...#.
##'#######'#####.#
#[..#...#..[#.....
#...#.<.'...####.#
#...#...#...# #.#


You could see a worm and 2 orcs.

Vanquished Creatures
  2 crimson imps (D:4)
  An orc wizard (D:4)
  5 adders
  3 worms
  A giant gecko (D:3)
  2 oozes
  8 orcs (D:4)
  8 bats
  4 giant cockroaches
  7 hobgoblins
  2 quokkas
  5 giant newts
  4 goblins
  7 kobolds
  A kobold skeleton (D:4)
  12 rats
72 creatures vanquished.

Notes
Turn   | Place    | Note
--------------------------------------------------------------
     0 | D:1      | Malachi, the Draconian Transmuter, began the quest for the Orb.
     0 | D:1      | Reached XP level 1. HP: 16/16 MP: 1/1
   325 | D:1      | Reached XP level 2. HP: 23/23 MP: 3/3
   336 | D:1      | Learned a level 2 spell: Sticks to Snakes
  1314 | D:2      | Reached XP level 3. HP: 20/28 MP: 2/4
  1324 | D:2      | Learned a level 3 spell: Spider Form
  1880 | D:2      | Reached skill level 4 in Unarmed Combat
  2369 | D:3      | Reached XP level 4. HP: 35/35 MP: 4/6
  3205 | D:4      | Reached skill level 1 in Poison Magic
  3415 | D:4      | Reached XP level 5. HP: 29/41 MP: 7/7
  3469 | D:4      | Found a shimmering altar of Xom.
  3646 | D:4      | Killed from afar by an orc wizard

Action                   |  1- 3 |  4- 6 || total
-------------------------+-------+-------++-------
Melee: Unarmed           |   151 |   170 ||   321
 Cast: Beastly Appendage |     8 |    12 ||    20
       Spider Form       |       |     1 ||     1
